 Dungeon Crawl Stone Soup version 0.28-a0-114-g2bf3c13a2f (webtiles) character file.

Game seed: 14399608693061301130

14794 Pooter the Cleaver (level 11, 0/101 HPs)
             Began as a Minotaur Monk on Aug 12, 2021.
             Was a High Priest of Okawaru.
             Slain by an ettin (36 damage)
             ... on level 1 of the Orcish Mines.
             The game lasted 01:01:54 (10442 turns).

Pooter the Cleaver (Minotaur Monk)                 Turns: 10442, Time: 01:01:55

Health: 0/101      AC: 18    Str: 19    XL:     11   Next: 93%
Magic:  13/15      EV: 10    Int:  7    God:    Okawaru [*****.]
Gold:   361        SH: 13    Dex: 13    Spells: 10/10 levels left

rFire   + . .      SeeInvis .   a - +2 broad axe (flame)
rCold   . . .      Faith    .   p - +0 kite shield
rNeg    . . .      Spirit   .   T - +3 chain mail
rPois   +          Reflect  .   w - +0 hat {Will+}
rElec   .          Harm     .   e - +2 cloak {Stlth+}
rCorr   .          Rampage  .   B - +0 pair of gloves
Will    +....                   V - +0 pair of boots of Impermeability {rPois rF+}
Stlth   +.........              (no amulet)
HPRegen 0.26/turn               s - +4 ring of slaying
MPRegen 0.14/turn               P - ring of poison resistance

@: heroic
A: horns 2, retaliatory headbutt
a: Renounce Religion, Heroism, Finesse


You were on level 1 of the Orcish Mines.
You worshipped Okawaru.
Okawaru was extremely pleased with you.
You visited 3 branches of the dungeon, and saw 13 of its levels.

You collected 564 gold pieces.
You spent 203 gold pieces at shops.

Inventory:

Hand Weapons
 a - a +2 broad axe of flaming (weapon)
   (You bought it in a shop on level 10 of the Dungeon)
 b - a +0 hunting sling
   (You found it on level 10 of the Dungeon)
 r - a +0 whip of electrocution
   (You took it off a kobold on level 3 of the Dungeon)
 z - a +0 war axe of freezing
   (You found it on level 5 of the Dungeon)
 J - a +5 morningstar of freezing
   (You took it off a wight on level 7 of the Dungeon)
 S - a +3 scimitar of flaming
   (You took it off Erica on level 9 of the Dungeon)
Missiles
 k - 7 atropa-tipped darts
 m - 4 throwing nets {!f}
 o - 4 javelins
 q - 89 sling bullets
 E - 8 boomerangs
 H - 3 silver boomerangs (quivered)
 O - 52 poisoned darts
 Q - 434 stones
Armour
 e - a +2 cloak of stealth (worn)
   (You took it off Maurice on level 10 of the Dungeon)
 i - a scarf of harm
   (Okawaru gifted it to you on level 9 of the Dungeon)
 p - a +0 kite shield (worn)
   (You found it on level 2 of the Dungeon)
 w - a +0 hat of willpower (worn)
   (You took it off Gastronok on level 9 of the Dungeon)
 A - a +0 plate armour
   (You found it on level 9 of the Dungeon)
 B - a +0 pair of gloves (worn)
   (You found it on level 5 of the Dungeon)
 T - a +3 chain mail (worn)
   (You took it off an orc on level 3 of the Dungeon)
 V - the +0 pair of boots of Impermeability (worn) {rPois rF+}
   (Okawaru gifted it to you on level 11 of the Dungeon)

   rF:        It protects you from fire.
   rPois:     It protects you from poison.
Jewellery
 s - a +4 ring of slaying (left hand)
   (You found it on level 3 of the Dungeon)
 C - a ring of resist corrosion
   (You found it on level 4 of the Dungeon)
 P - a ring of poison resistance (right hand)
   (You found it on level 11 of the Dungeon)
Wands
 d - a wand of iceblast (2)
   (You found it on level 3 of the Dungeon)
 f - a wand of flame (34)
   (You found it on level 7 of the Dungeon)
 j - a wand of charming (4)
   (You took it off Maurice on level 10 of the Dungeon)
 u - a wand of paralysis (4)
   (You found it on level 6 of the Dungeon)
 x - a wand of acid (2)
   (You found it on level 8 of the Dungeon)
Scrolls
 g - 2 scrolls of immolation {!r}
 t - 4 scrolls of teleportation {@r4}
 v - 3 scrolls of noise {!r}
 D - a scroll of amnesia
 I - a scroll of fog
 R - 3 scrolls of fear
 U - a scroll of enchant armour
Potions
 c - 2 potions of cancellation {unknown}
 h - 5 potions of attraction {!q}
 l - 2 potions of curing {@q1}
 n - 2 potions of lignification {unknown}
 G - a potion of berserk rage {unknown}
 K - 3 potions of flight {unknown}
 L - 2 potions of resistance {unknown}
 M - 2 potions of invisibility {unknown}
 N - 2 potions of brilliance {unknown}


   Skills:
 + Level 10.4(15.4) Fighting
 * Level 11.4(17.5) Axes
 - Level 8.8(16.3) Maces & Flails
 - Level 3.2(8.2) Dodging
 - Level 1.5(6.5) Stealth
 + Level 9.5(14.5) Shields
 + Level 7.0 Invocations
 + Level 7.2 Evocations


You had 10 spell levels left.
You didn't know any spells.
Your spell library contained the following spells:

 Spells                   Type           Power      Damage    Failure   Level
 Corona                   Hex            0%         N/A       99%         1
 Magic Dart               Conj           0%         1d3       99%         1
 Blink                    Tloc           N/A        N/A       100%        2
 Call Imp                 Summ           0%         N/A       100%        2
 Ensorcelled Hibernation  Hex/Ice        0%         N/A       100%        2
 Mephitic Cloud           Conj/Pois/Air  0%         N/A       100%        3
 Tukima's Dance           Hex            0%         N/A       100%        3
 Sticky Flame             Conj/Fire      0%         2d3       100%        4
 Manifold Assault         Tloc           0%         N/A       100%        5
 Storm Form               Tmut/Air       0%         N/A       100%        7
 Borgnjor's Revivificati  Necr           0%         N/A       100%        8
 Necromutation            Tmut/Necr      0%         N/A       100%        8
 Death's Door             Necr           0%         N/A       100%        9


Dungeon Overview and Level Annotations

Branches:
Dungeon (11/15)            Temple (1/1) D:5            Lair (0/6) D:11
    Orc (1/2) D:11

Altars:
Ashenzari
Cheibriados
Dithmenos
Elyvilon
Fedhas
Gozag
Hepliaklqana
Kikubaaqudgha
Makhleb
Okawaru
Ru
Trog
Uskayaw
Vehumet
Wu Jian
Zin
The Shining One

Shops:
D:6 :   D:9 (   D:10 (

Annotations:
D:1 1 exclusion
D:4 exclusion: statue
D:6 3 runed translucent doors, YayAnonymity's ghost, novice HuBr


Innate Abilities, Weirdness & Mutations

You have a pair of horns on your head.
You reflexively headbutt those who attack you in melee.


Message History

You feel like a meek peon again.
Things that are here:
4 large rocks; a cyclops corpse
Things that are here:
a +6 ring of intelligence; a +0 troll leather armour {Purgy}; a +0 cloak
Things that are here:
a +0 short sword; an elf corpse
q - 86 sling bullets (gained 1)
There is a stone staircase leading down here.
Found a tubular peridot ring and 17 bolts.
q - 87 sling bullets (gained 1)
There is a staircase to the Orcish Mines here.
q - 89 sling bullets (gained 2)
You now have 361 gold pieces (gained 15).
P - a ring of poison resistance;
m - 4 throwing nets {!f} You're wearing all the rings you can.
Remove which one? (? for menu, Esc to cancel) < or
s - a +4 ring of slaying; > or
C - a ring of resist corrosion You remove your ring of resist corrosion.
P - a ring of poison resistance (right hand)
There is a staircase to the Orcish Mines here.
You climb downwards.
Welcome to the Orcish Mines!
An ettin comes into view.
It is wielding a +0 great mace and a +0 dire flail.
The ettin shouts in stereo!
You hear a shout! x2
Found 81 gold pieces.
There is a staircase back to the Dungeon here.
Aim: an ettin, wielding a +0 great mace and a +0 dire flail (chance to affect: 50%)
The ettin resists with some effort.
Aim: an ettin, wielding a +0 great mace and a +0 dire flail (chance to affect: 50%)
The ettin resists with some effort.
An ogre comes into view. It is wielding a +0 giant club.
You throw a silver boomerang. The ogre shouts!
The silver boomerang hits the ettin!
You throw a silver boomerang.
The silver boomerang hits the ettin but does no damage.
You gain the combat prowess of a mighty hero.
An orc priest comes into view. It is wielding a +0 whip.
You barely miss the ettin.
The orc priest shouts!
You headbutt the ettin!
You hear a shout!
The ettin hits you with a +0 great mace!
The ettin hits you with a +0 dire flail!!
You slash the ettin! You burn the ettin. You block the ettin's attack.
The ettin hits you with a +0 dire flail!!
* * * LOW HITPOINT WARNING * * *
Your chain mail prevents you from hitting the ettin.
The ettin hits you with a +0 great mace!!!
You die...

. .#..... ##.
$...... #...
$...$.. . ..#
...o...
....###.....$.
###.#.#..O...
#.......C.#
.......@#
#.#......#
...#....## #
##.### ##


You could see an ettin, an ogre and an orc priest.

Vanquished Creatures
  Gastronok (D:9)
  Erica (D:9)
  4 two-headed ogres
  4 skeletal warriors
  A deep elf pyromancer (D:11)
  A cyclops (D:11)
  Maurice (D:10)
  2 hornets
  3 trolls
  Grinder (D:4)
  6 yaks (D:10)
  A wyvern (D:9)
  2 acid dragons
  2 water moccasins
  3 orc warriors
  Purgy (D:3)
  2 black bears
  3 ice beasts
  An ice beast (shapeshifter) (D:10)
  2 necrophages
  3 phantoms
  2 centaurs
  A kobold brigand (D:9)
  2 gnoll sergeants
  2 bullfrogs
  A wyvern zombie (D:6)
  A water moccasin zombie (D:6)
  2 scorpions (D:5)
  3 water moccasin skeletons
  12 wights (D:7)
  3 howler monkeys
  3 bullfrog zombies
  3 centaur zombies
  2 jellies
  A centaur skeleton (D:7)
  4 hounds
  2 orc priests
  A gnoll shaman (D:8)
  2 iguanas
  Natasha (D:3)
  6 orc wizards
  A hound zombie (D:5)
  2 howler monkey zombies
  15 gnolls
  3 adders
  3 shadow imps
  3 adder skeletons
  3 worms
  4 dart slugs
  18 orcs
  4 ball pythons
  8 endoplasms
  4 giant cockroaches
  13 goblins
  12 hobgoblins
  6 jackals
  16 kobolds
  4 quokkas
  A bat (D:3)
  7 rats
226 creatures vanquished.

Vanquished Creatures (others)
  A plant (D:9)
1 creature vanquished.

Grand Total: 227 creatures vanquished

Notes
Turn   | Place    | Note
-------+----------+-------------------------------------------
     0 | D:1      | Pooter the Minotaur Monk began the quest for the Orb.
     0 | D:1      | Reached XP level 1. HP: 19/19 MP: 0/0
    42 | D:1      | Reached skill level 4 in Axes
   221 | D:1      | Reached XP level 2. HP: 16/27 MP: 1/1
   713 | D:1      | Found a faded altar of an unknown god.
   909 | D:1      | Reached XP level 3. HP: 33/33 MP: 2/2
  1539 | D:2      | Reached skill level 5 in Axes
  1839 | D:2      | Reached XP level 4. HP: 41/41 MP: 3/3
  1843 | D:2      | Reached skill level 1 in Shields
  2307 | D:3      | You fall into a shaft and drop 1 floor!
  2472 | D:4      | Found a bloodstained altar of Trog.
  2843 | D:3      | Noticed Natasha
  2849 | D:3      | Killed Natasha
  2850 | D:3      | Reached XP level 5. HP: 47/47 MP: 4/4
  2986 | D:3      | Noticed Purgy
  3016 | D:3      | Killed Purgy
  3017 | D:3      | Reached skill level 5 in Fighting
  3017 | D:3      | Reached skill level 6 in Axes
  3017 | D:3      | Reached skill level 1 in Evocations
  3403 | D:4      | Noticed Grinder
  3405 | D:4      | Paralysed by Grinder for 6 turns
  3422 | D:4      | Reached XP level 6. HP: 24/56 MP: 5/5
  3423 | D:4      | Killed Grinder
  3424 | D:4      | Reached skill level 7 in Axes
  3470 | D:4      | Found a radiant altar of Vehumet.
  3502 | D:4      | Reached XP level 7. HP: 61/61 MP: 6/6
  3697 | D:5      | Entered Level 5 of the Dungeon
  3741 | D:5      | Reached skill level 8 in Axes
  4070 | D:5      | Found a staircase to the Ecumenical Temple.
  4078 | Temple   | Entered the Ecumenical Temple
  4146 | Temple   | Became a worshipper of Warmaster Okawaru
  4146 | Temple   | Reached * piety under Okawaru
  4146 | Temple   | Reached ** piety under Okawaru
  4167 | D:5      | Reached XP level 8. HP: 71/71 MP: 7/7
  4229 | D:5      | Found an ornate altar of the Wu Jian Council.
  4454 | D:5      | Reached skill level 1 in Invocations
  4593 | D:6      | Found a white marble altar of Elyvilon.
  4599 | D:6      | Reached skill level 9 in Axes
  4599 | D:6      | Reached skill level 5 in Shields
  4711 | D:6      | Found a burning altar of Makhleb.
  4812 | D:6      | Noticed a two-headed ogre
  4818 | D:6      | Killed a two-headed ogre
  4818 | D:6      | Reached *** piety under Okawaru
  4818 | D:6      | Reached **** piety under Okawaru
  4819 | D:6      | Reached skill level 10 in Axes
  4819 | D:6      | Reached XP level 9. HP: 79/79 MP: 6/10
  4898 | D:6      | Found a shadowy altar of Dithmenos.
  5167 | D:6      | Found a snail-covered altar of Cheibriados.
  5182 | D:6      | Found Jyumog's Book Emporium.
  5255 | D:6      | Found a runed translucent gate.
  5255 | D:6      | Found a runed translucent gate.
  5255 | D:6      | Found a runed translucent gate.
  5255 | D:6      | Noticed YayAnonymity's ghost (novice HuBr)
  6013 | D:7      | Reached skill level 1 in Maces & Flails
  6194 | D:7      | Reached skill level 5 in Evocations
  6338 | D:7      | Found a sacrificial altar of Ru.
  6565 | D:8      | Reached XP level 10. HP: 89/89 MP: 12/12
  6877 | D:8      | Noticed a two-headed ogre
  6886 | D:8      | Killed a two-headed ogre
  6886 | D:8      | Reached ***** piety under Okawaru
  7468 | D:8      | Received a gift from Okawaru
  7477 | D:8      | Found a hazy altar of Hepliaklqana.
  7646 | D:9      | Noticed a two-headed ogre
  7650 | D:9      | Killed a two-headed ogre
  7651 | D:9      | Reached skill level 5 in Maces & Flails
  7651 | D:9      | Reached skill level 5 in Invocations
  7651 | D:9      | Found Orar's Weapon Boutique.
  7667 | D:9      | Found an ancient bone altar of Kikubaaqudgha.
  7669 | D:9      | Found a broken altar of Ashenzari.
  7706 | D:9      | Found a glowing golden altar of the Shining One.
  7736 | D:9      | Noticed Gastronok
  7747 | D:9      | Killed Gastronok
  7747 | D:9      | Received a gift from Okawaru
  7815 | D:9      | Received a gift from Okawaru
  7857 | D:9      | Reached XP level 11. HP: 97/97 MP: 11/14
  7932 | D:9      | Found an opulent altar of Gozag.
  7951 | D:9      | Noticed Erica
  7960 | D:9      | Killed Erica
  8229 | D:10     | Entered Level 10 of the Dungeon
  8236 | D:10     | Noticed a skeletal warrior
  8236 | D:10     | Noticed a skeletal warrior
  8236 | D:10     | Noticed a skeletal warrior
  8236 | D:10     | Noticed a skeletal warrior
  8249 | D:9      | Killed a skeletal warrior
  9035 | D:10     | Noticed a two-headed ogre
  9042 | D:10     | Killed a two-headed ogre
  9090 | D:10     | Noticed Maurice
  9098 | D:10     | Killed Maurice
  9099 | D:10     | Reached skill level 10 in Fighting
  9226 | D:10     | Found Ohyotoxu's Antique Weapon Shop.
  9229 | D:10     | Bought a glowing broad axe for 203 gold pieces
  9730 | D:9      | Killed a skeletal warrior
  9821 | D:9      | Killed a skeletal warrior
  9822 | D:9      | Reached skill level 11 in Axes
 10026 | D:10     | Killed a skeletal warrior
 10168 | D:10     | Upgraded the game from 0.28-a0-105-g49a0850c41 to
                  | 0.28-a0-114-g2bf3c13a2f
 10326 | D:11     | Got the Collected Works on Combat Magic
 10353 | D:11     | Found a staircase to the Orcish Mines.
 10372 | D:11     | Noticed a deep elf pyromancer
 10378 | D:11     | Killed a deep elf pyromancer
 10378 | D:11     | Identified the +0 pair of boots of Impermeability {rPois
                  | rF+} (Okawaru gifted it to you on level 11 of the Dungeon)
 10378 | D:11     | Received a gift from Okawaru
 10398 | D:11     | Found a staircase to the Lair.
 10434 | Orc:1    | Entered Level 1 of the Orcish Mines
 10434 | Orc:1    | Noticed an ettin
 10442 | Orc:1    | Slain by an ettin

Illustrated notes

Levels and vault maps discovered:
D:1:      psy_arrival_conway, layout_loops_ring,
          hellmonk_ecumenical_altar_crossroads, minmay_crystal_water
D:2:      layout_rooms
D:3:      minmay_general_purpose_star, layout_basic,
          hangedman_abyss_or_decor_stabs, uniq_purgy, uniq_natasha
D:4:      layout_basic, mainiacjoe_overflow_chevrons, vehumet_statue,
          uniq_grinder, uniq_robin
D:5:      layout_gridville, nicolae_wu_jian_wuxing_cycle,
          minmay_temple_entry_drinking_statues, sigmund_army
D:6:      black_bear_nest_2, layout_rooms,
          nicolae_dithmenos_through_a_glass_darkly, bloody_makhleb,
          mainiacjoe_overflow_small_starburst, old_standard_altar,
          gammafunk_ghost_necromancy, serial_shops, shop
D:7:      layout_basic, kennysheep_mini_moat
D:8:      layout_basic, mainiacjoe_overflow_alcove_1,
          kennysheep_decorative_pillar, nrook_mini_vaults
D:9:      layout_rooms, gammafunk_temple_overflow_forgotten, tso_metal_star,
          serial_shops, shop, dk_noncrumbling_2, uniq_erica, uniq_gastronok
D:10:     layout_loops_ring, serial_shops, kennysheep_mini, uniq_maurice
D:11:     layout_cave_pools, orc_0_dummy, kennysheep_donut
Temple:   nicolae_temple_figure_zero
Orc:1:    layout_caves, serial_shops, nicolae_shop_behind_doors

Skill      XL: |  1  2  3  4  5  6  7  8  9 10 11 |
---------------+----------------------------------+-----
Axes           | 4 5 6 7 8 10 11 | 11.4
Fighting       | 4 5 6 7 8 9 10 | 10.4
Shields        | 1 2 3 4 5 6 8 9 |  9.5
Evocations     | 1 2 3 4 5 6 7 |  7.2
Invocations    | 2 4 5 7 |  7.0
Maces & Flails | 3 7 8 |  8.8
Dodging        | |  3.2
Stealth        | |  1.5

Action                   |  1- 3 |  4- 6 |  7- 9 | 10-12 || total
-------------------------+-------+-------+-------+-------++-------
Melee: Hand axe          |    99 |    44 |       |       ||   143
       Headbutt          |    11 |    21 |    38 |    37 ||   107
       Whip              |       |    41 |   157 |       ||   198
       Morningstar       |       |       |    33 |   113 ||   146
       Broad axe         |       |       |       |    59 ||    59
 Fire: Hunting sling     |       |       |       |    26 ||    26
Throw: Dart              |    14 |    26 |    23 |    24 ||    87
       Javelin           |       |     7 |    15 |     7 ||    29
       Boomerang         |       |       |       |    14 ||    14
Invok: Heroism           |       |       |     6 |    19 ||    25
Evoke: Wand              |       |     1 |     6 |    12 ||    19
  Use: Scroll            |       |     5 |     3 |     9 ||    17
 Stab: Sleeping          |     4 |     1 |     2 |       ||     7
       Paralysed         |       |       |       |     2 ||     2
Armor: Robe              |    14 |    19 |       |       ||    33
       Troll leather arm |       |     4 |    41 |     2 ||    47
       Chain mail        |       |       |       |    42 ||    42
Dodge: Dodged            |    53 |    52 |    77 |    47 ||   229
Block: Buckler           |     2 |    16 |    12 |       ||    30
       Kite shield       |       |       |    62 |    90 ||   152

Table legend: (Time is in decaauts)
 A = Elapsed time spent in this place.
 B = Non-inter-level travel time spent in this place.
 C = Inter-level travel time spent in this place.
 D = Time resting spent in this place.
 E = Time spent auto-exploring this place.
 F = Levels seen in this place.
 G = Mean time per level.
                   A        B        C        D        E       F      G
               +--------+--------+--------+--------+--------+-----+--------+
         Total |  10451 |  10226 |    225 |   2177 |   5566 |  13 |  803.9 |
       Dungeon |  10365 |  10149 |    216 |   2177 |   5502 |  11 |  942.3 |
        Temple |     78 |     69 |      9 |      0 |     64 |   1 |   78.0 |
  Orcish Mines |      8 |      8 |      0 |      0 |      0 |   1 |    8.0 |
               +--------+--------+--------+--------+--------+-----+--------+

Top non-repeatable levels by time:
     D:9: 1300 daAuts
     D:1: 1296 daAuts
    D:10: 1285 daAuts
     D:6: 1131 daAuts
     D:8: 1122 daAuts
     D:3: 1084 daAuts
     D:7: 822 daAuts
     D:5: 791 daAuts
     D:2: 785 daAuts
     D:4: 549 daAuts
    D:11: 195 daAuts
  Temple: 78 daAuts
   Orc:1: 8 daAuts
